 Dungeon Crawl Stone Soup version 0.30.0-29-ga12c61a403 (webtiles) character file.

Game seed: 7070040042584391187

373 ChadusMaximus the Shield-Bearer (level 7, -2/55 HPs)
             Began as a Formicid Fighter on June 19, 2023.
             Slain by Duvessa
             ... wielding a +2 rapier of venom
              (6 damage)
             ... on level 4 of the Dungeon.
             The game lasted 00:03:53 (3934 turns).

ChadusMaximus the Shield-Bearer (Formicid Fighter)  Turns: 3934, Time: 00:03:54

Health: -2/55      AC: 13    Str: 23    XL:     7   Next: 2%
Magic:  7/7        EV:  6    Int:  7    God:
Gold:   187        SH:  5    Dex: 13    Spells: 6/6 levels left

rFire   . . .        a - +0 war axe
rCold   . . .        c - +0 buckler
rNeg    . . .        z - +0 plate armour
rPois   .            (helmet unavailable)
rElec   .            u - +0 cloak
rCorr   .            (no gloves)
SInv    +            (no boots)
Will    .....        (no amulet) Stlth
                     n - ring of flight
HPRegen 0.29/turn    (no ring)
MPRegen 0.10/turn

%: no passive effects
@: mighty, lethally poisoned (-2 -> -14), flying
A: permanent stasis, dig shafts and tunnels, antennae 3, four strong arms
a: Dig, Shaft Self


You were on level 4 of the Dungeon.
You visited 1 branch of the dungeon, and saw 5 of its levels.

You collected 187 gold pieces.

Inventory:

Hand Weapons
 a - a +0 war axe (weapon)
Missiles
 p - 5 javelins (quivered)
Armour
 b - a +0 scale mail
 c - a +0 buckler (worn)
 u - a +0 cloak (worn)
 z - a +0 plate armour (worn)
Jewellery
 l - a +6 ring of intelligence
 n - a ring of flight (left hand)
 x - a ring of ice
 y - an amulet of guardian spirit
Wands
 r - a wand of polymorph (7)
Scrolls
 e - 2 scrolls of torment {unknown}
 g - 5 scrolls of identify {unknown}
 i - 5 scrolls of fear {unknown}
 j - a scroll of vulnerability {unknown}
 k - 2 scrolls of teleportation {unknown}
 q - a scroll of immolation {unknown}
 s - a scroll of noise {unknown}
 v - 2 scrolls of fog {unknown}
 w - a scroll of magic mapping {unknown}
Potions
 d - a potion of might
 f - a potion of attraction {unknown}
 h - 3 potions of curing {unknown}
 m - a potion of heal wounds {unknown}
 o - a potion of invisibility {unknown}
 t - 3 potions of brilliance {unknown}


   Skills:
 + Level 4.8 Fighting
 + Level 3.7 Axes
 * Level 1.0 Throwing
 + Level 4.8 Armour
 + Level 5.8 Shields


You had 6 spell levels left.
You didn't know any spells.
Your spell library contained the following spells:

 Spells                   Type           Power      Damage    Failure   Level
 Apportation              Tloc           0%         N/A       100%        1
 Necrotise                Necr           0%         1d4       100%        1
 Summon Small Mammal      Summ           0%         N/A       100%        1
 Static Discharge         Conj/Air       0%         2-2/arc   100%        2
 Tukima's Dance           Hex            0%         N/A       100%        3
 Airstrike                Air            0%         2d(0-16)  100%        4
 Passage of Golubria      Tloc           0%         N/A       100%        4
 Summon Lightning Spire   Summ/Air       0%         N/A       100%        4
 Yara's Violent Unravell  Hex/Tmut       0%         3d3       100%        5


Dungeon Overview and Level Annotations

Branches:
Dungeon (5/15)
 Temple: D:4-7

Altars:

Shops:
D:2 *

Annotations:
D:4 Dowan, Duvessa, Pikel


Innate Abilities, Weirdness & Mutations

You cannot be hasted, slowed, berserked, paralysed or teleported.
You can dig through walls and to a lower floor.
You have a pair of large antennae on your head. (SInv)
Your four strong arms can wield two-handed weapons with a shield.


Message History

You barely miss Duvessa.
Duvessa is moderately wounded.
You feel very sick.
Dowan says, "Stay away from my face!"
Duvessa says, "My weaknesses are his strengths!"
You block Duvessa's attack. Duvessa hits you but does no damage.
You are more poisoned.
You feel very mighty all of a sudden.
You feel very sick. Duvessa hits you but does no damage.
You are more poisoned.
You hit Duvessa.
Duvessa is heavily wounded.
You feel very sick.
Duvessa says, "Where magic fails, the sword succeeds!"
Duvessa hits you but does no damage.
You completely miss Duvessa.
Duvessa is heavily wounded.
You feel very sick. You block Duvessa's attack.
Duvessa hits you with a +2 rapier of venom!
You are more poisoned.
You completely miss Duvessa.
Duvessa is heavily wounded.
* * * LOW HITPOINT WARNING * * *
You feel very sick.
Dowan mumbles some strange words.
Dowan blinks!
You block Duvessa's attack.
You closely miss Duvessa.
Duvessa is heavily wounded.
You feel very sick.
Duvessa hits you with a +2 rapier of venom.
* * * LOW HITPOINT WARNING * * *
You are more poisoned.
You slash Duvessa!
Duvessa is severely wounded.
* * * LOW HITPOINT WARNING * * *
You feel very sick.
Duvessa hits you with a +2 rapier of venom.
You die...

#.# #.............###
#.# ####............#
#.# ###.########.# #.#
#.# #.. #.# ##.## ##.
#.# #...# #. #.#
###...### #.
#.###########.......###
#.
#.........@e.e....>...#
#.
#############.......#.#
## ###...###.# #...#
#.# ##.## #.# #.# #.#
#.# #.# #.# #.# #
#.####.#####


You could see Duvessa and Dowan.

Vanquished Creatures
  A scorpion (D:4)
  Crazy Yiuf (D:3)
  Jessica (D:2)
  An orc wizard (D:4)
  Terence (D:3)
  An iguana (D:4)
  Robin (D:3)
  3 gnolls
  3 adders
  2 worms
  3 dart slugs
  9 orcs
  9 ball pythons
  2 bats (D:1)
  9 endoplasms
  2 giant cockroaches
  10 hobgoblins
  A jackal (D:2)
  4 quokkas
  4 frilled lizards
  14 goblins
  7 kobolds
  7 rats
96 creatures vanquished.

Vanquished Creatures (others)
  An orc (D:4)
1 creature vanquished.

Grand Total: 97 creatures vanquished

Notes
Turn   | Place    | Note
-------+----------+-------------------------------------------
     0 | D:1      | ChadusMaximus the Formicid Fighter began the quest for the
                  | Orb.
     0 | D:1      | Reached XP level 1. HP: 18/18 MP: 1/1
   100 | D:1      | Reached XP level 2. HP: 23/24 MP: 2/2
   402 | D:1      | Reached XP level 3. HP: 29/29 MP: 3/3
   935 | D:2      | Reached XP level 4. HP: 26/37 MP: 4/4
  1241 | D:2      | Found Ihoeleyh's Assorted Antiques.
  1407 | D:2      | Noticed Jessica
  1417 | D:2      | Killed Jessica
  1737 | D:3      | Reached XP level 5. HP: 41/42 MP: 5/5
  1775 | D:3      | Reached skill level 5 in Shields
  1906 | D:3      | Noticed Robin
  1921 | D:3      | Killed Robin
  2120 | D:3      | Noticed Terence
  2131 | D:3      | Killed Terence
  2579 | D:2      | Reached XP level 6. HP: 44/49 MP: 6/6
  2841 | D:3      | Found a runed translucent door.
  2842 | D:3      | Noticed Crazy Yiuf
  2848 | D:3      | Killed Crazy Yiuf
  3290 | D:4      | Noticed Pikel
  3506 | D:4      | Noticed Dowan
  3506 | D:4      | Noticed Duvessa
  3511 | D:4      | You are sucked into a shaft and drop 1 floor!
  3511 | D:5      | Entered Level 5 of the Dungeon
  3563 | D:5      | Noticed a yak
  3564 | D:5      | Noticed a yak
  3564 | D:5      | Noticed a yak
  3566 | D:5      | Noticed a yak
  3850 | D:4      | Reached XP level 7. HP: 46/55 MP: 7/7
  3853 | D:4      | Reached skill level 1 in Throwing
  3934 | D:4      | Slain by Duvessa

Illustrated notes

Levels and vault maps discovered:
D:1:      mrwooster_arrival_statue, layout_loops_cross, grunt_decor_arrowhead
D:2:      layout_basic, serial_shops, shop, kennysheep_jessica_study
D:3:      layout_loops_ring, kennysheep_generic_room_11, uniq_robin,
          uniq_crazy_yiuf_cottage, uniq_terence, uniq_jessica
D:4:      layout_loops_ring, uniq_pikel, uniq_duvessa
D:5:      layout_loops_ring, okawaru_altar_gauntlet_db

Skill      XL: |  1  2  3  4  5  6  7 |
---------------+----------------------+-----
Fighting       | 4 |  4.8
Armour         | 4 |  4.8
Axes           | 3 |  3.7
Shields        | 5 |  5.8
Throwing       | 1 |  1.0

Action                     |  1- 3 |  4- 6 |  7- 9 || total
---------------------------+-------+-------+-------++-------
  Melee: War axe           |    96 |   155 |    13 ||   264
         Unarmed           |       |     1 |       ||     1
  Throw: Javelin           |       |     1 |       ||     1
Ability: Shaft Self        |       |     1 |       ||     1
    Use: Potion            |       |       |     1 ||     1
 Armour: Scale mail        |    52 |    67 |       ||   119
         Plate armour      |       |     7 |     6 ||    13
  Dodge: Dodged            |    39 |    81 |     1 ||   121
  Block: Buckler           |    26 |    40 |     5 ||    71
